 Dungeon Crawl Stone Soup version 0.27-a0-705-ga0013940fb (webtiles) character file.

Game seed: 11955649025977137206

3 sleeves the Sneak (level 1, -2/14 HPs)
             Began as a Kobold Delver on Mar 22, 2021.
             Slain by an ufetubus (3 damage)
             ... on level 4 of the Dungeon.
             The game lasted 00:01:13 (108 turns).

sleeves the Sneak (Kobold Delver)                    Turns: 108, Time: 00:01:13

Health: -2/14      AC:  3    Str:  9    XL:     1   Next: 55%
Magic:  1/1        EV: 14    Int: 11    God:
Gold:   0          SH:  0    Dex: 16    Spells: 0/0 levels left

rFire    . . .     SeeInvis .   a - +0 short sword
rCold    . . .     Faith    .   (shield restricted)
rNeg     . . .     Spirit   .   b - +0 leather armour
rPois    .         Reflect  .   (no helmet)
rElec    .         Harm     .   (no cloak)
rCorr    .         Rampage  .   (no gloves)
Will     .....                  (no boots)
Stlth    ++++......             (no amulet)
HPRegen  0.04/turn              (no ring)
MPRegen  0.07/turn              (no ring)

@: hasted, very quick
A: small, no large weapons, nightstalker 3
a: no special abilities


You were on level 4 of the Dungeon.
You visited 1 branch of the dungeon, and saw 2 of its levels.

Inventory:

Hand Weapons
 a - a +0 short sword (weapon)
Armour
 b - a +0 leather armour (worn)
Magical Staves
 k - a staff of death
   (You found it on level 4 of the Dungeon)
Wands
 g - a wand of digging (3)
Scrolls
 c - a scroll of fog
 d - a scroll of magic mapping
 j - a scroll of identify {unknown}
Potions
 h - 2 potions of lignification {unknown}
 i - a potion of degeneration {unknown}


   Skills:
 - Level 3.2 Fighting
 + Level 2.9 Short Blades
 - Level 2.4 Dodging
 + Level 6.7 Stealth


You couldn't memorise any spells.
You didn't know any spells.
Your spell library was empty.

Dungeon Overview and Level Annotations

Branches:
Dungeon (5/15)
 Temple: D:4-7

Altars:

Annotations:
D:5 Prince Ribbit


Innate Abilities, Weirdness & Mutations

You are small and have problems with some larger weapons.
You are completely attuned to the shadows.


Message History

Welcome, sleeves the Kobold Delver.
Will you be the one to retrieve the legendary Orb of Zot from the depths?
Press ? for a list of commands and other information.
Found a stone staircase leading down.
Found a glowing sapphire potion.
Found a glowing emerald potion.
h - a glowing sapphire potion
Found a scroll labelled XORRUORHO NIEL.
i - a glowing emerald potion
j - a scroll labelled XORRUORHO NIEL Prince Ribbit comes into view.
Found a ring mail.
Found 14 gold pieces.
Found a stone staircase leading up.
A sky beast comes into view.
Found a stone staircase leading up.
You see here 14 gold pieces.
There is a stone staircase leading up here.
You climb upwards.
There is a stone staircase leading down here.
Found a chain mail and a thin runed staff.
Found a scroll of fog.
You see here a staff of death.
k - a staff of death A howler monkey comes into view.
You see here a +0 chain mail.
A worm comes into view.
Found a glowing sapphire potion.
The helpless worm fails to defend itself.
You impale the worm!!
You kill the worm!
You see here a worm corpse.
h - 2 glowing sapphire potions (gained 1)
You swing at nothing.
You see here a worm corpse.
An ufetubus comes into view.
The ufetubus hits you. x2
Okay, then.
Okay, then.
As you read the scroll of fear, it crumbles to dust.
You assume a fearsome visage.
The ufetubus is unaffected.
The ufetubus hits you.
* * * LOW HITPOINT WARNING * * *
The ufetubus hits you.
* * * LOW HITPOINT WARNING * * *
The ufetubus closely misses you. The ufetubus hits you.
* * * LOW HITPOINT WARNING * * *
You feel yourself speed up. The ufetubus closely misses you.
The ufetubus misses you. The ufetubus hits you.
You die...

#.......## #........#
.#........# #
..........## ..
...........# ###...
...........# ##.....
...#[......####......
....##......#........
..?. ##....@5........
.... #....>.........
...h #.............
#............
....#.......
.........


You could see an ufetubus.

Vanquished Creatures
  A worm (D:4)
1 creature vanquished.

Notes
Turn   | Place    | Note
-------+----------+-------------------------------------------
     0 | D:5      | sleeves the Kobold Delver began the quest for the Orb.
     0 | D:5      | Reached XP level 1. HP: 14/14 MP: 1/1
    18 | D:5      | Noticed Prince Ribbit
    29 | D:5      | Noticed a sky beast
    44 | D:4      | Noticed a howler monkey
   103 | D:4      | HP: 5/14 [ufetubus (5)]
   103 | D:4      | HP: 1/14 [ufetubus (2)]
   108 | D:4      | Slain by an ufetubus

Illustrated notes

Levels and vault maps discovered:
D:4:      layout_cave_pods, nicolae_vehumet_altar_sigil
D:5:      layout_cave_pools, nicolae_kikubaaqudgha_miasma_corner,
          elyvilon_altar_1, uniq_prince_ribbit1

Action                   || total
-------------------------++-------
Melee: Short sword       ||     1
  Use: Scroll            ||     1
       Potion            ||     1
 Stab: Sleeping          ||     1
Dodge: Dodged            ||     3

Table legend: (Time is in decaauts)
 A = Elapsed time spent in this place.
 B = Non-inter-level travel time spent in this place.
 C = Inter-level travel time spent in this place.
 D = Time resting spent in this place.
 E = Time spent auto-exploring this place.
 F = Levels seen in this place.
 G = Mean time per level.
                   A        B        C        D        E       F      G
               +--------+--------+--------+--------+--------+-----+--------+
         Total |    106 |    106 |      0 |      0 |      0 |   2 |   53.0 |
       Dungeon |    106 |    106 |      0 |      0 |      0 |   2 |   53.0 |
               +--------+--------+--------+--------+--------+-----+--------+

Top non-repeatable levels by time:
     D:4: 71 daAuts
     D:5: 35 daAuts
